Map: Dusk Towers

Players

Tactyle

  • Race: Zerg Zerg
  • League: Master

Miszu - Winner!

  • Race: Terran Terran
  • League: Master

VOD

Have the link to the VOD?

Description

Time

  • Played on: June 29, 2016, 12:36 p.m.
  • Length: 11:40
Show
View Real Time Build Order
Export as new Build Order

Tactyle Zerg 

Build Orders: Hatch First, Muta Ling Bane 

Get SALT Encoding   

  12  0:01  Drone  
  13  0:12  Overlord  
  13  0:17  Drone  
  14  0:31  Drone x2  
  14  0:35  Drone  
  17  0:52  Hatchery  
  17  0:54  Drone  
  17  1:09  Spawning Pool  
  16  1:12  Drone  
  16  1:15  Drone  
  18  1:20  Drone  
  19  1:28  Drone  
  20  1:45  Drone, Hatchery  
  20  1:50  Overlord  
  20  1:58  Queen  
  22  2:08  Queen  
  22  2:11  Zergling x2  
  22  2:12  Zergling x2  
  26  2:16  Zergling x2  
  26  2:19  Drone  
  26  2:22  Drone  
  29  2:24  Extractor  
  29  2:27  Extractor  
  29  2:28  Drone  
  28  2:33  Drone  
  29  2:37  Overlord  
  29  2:44  Queen  
  29  2:49  Drone  
  32  2:54  Drone  
  33  2:59  Queen  
  33  3:04  Drone  
  36  3:08  Drone  
  37  3:13  Metabolic Boost  
  37  3:18  Drone  
  38  3:20  Drone  
  38  3:24  Drone  
  40  3:28  Drone x2  
  42  3:44  Lair  
  42  3:56  Drone x2  
  42  3:57  Drone x6  
  50  4:04  Spine Crawler  
  50  4:09  Baneling Nest  
  48  4:11  Overlord  
  48  4:13  Zergling x2  
  48  4:14  Zergling x2  
  50  4:31  Drone x4  
  52  4:32  Drone x4  
  52  4:35  Extractor, Zergling x2  
  52  4:36  Overlord  
  58  4:39  Overlord  
  58  4:50  Overlord  
  58  4:54  Zergling x6  
  58  4:56  Zergling x2  
  58  4:57  Zergling x10  
  67  5:01  Baneling x2  
  67  5:09  Zergling x10  
  68  5:15  Spire  
  55  5:36  Drone x3  
  55  5:37  Overseer  
  55  5:41  Drone x4  
  55  5:42  Extractor  
  60  5:43  Drone  
  60  5:44  Drone  
  60  5:45  Drone  
  62  6:01  Drone x2  
  64  6:05  Evolution Chamber  
  64  6:08  Evolution Chamber  
  62  6:14  Drone  
  62  6:15  Drone x10  
  69  6:28  Mutalisk  
  69  6:29  Mutalisk x5  
  81  6:39  Centrifical Hooks  
  81  6:40  Zerg Melee Weapons Level 1  
  81  6:43  Extractor, Drone  
  81  6:44  Drone x2  
  81  6:46  Overlord  
  81  6:50  Extractor  
  81  6:54  Zerg Flyer Weapons Level 1  
  80  6:58  Drone  
  80  6:59  Overlord  
  81  7:04  Overlord  
  81  7:09  Drone x5  
  81  7:10  Drone  
  87  7:21  Hatchery  
  87  7:22  Mutalisk x2  
  86  7:23  Mutalisk  
  86  7:28  Overlord, Zergling x2  
  86  7:29  Zergling x12  
  99  7:30  Zergling x2  
  99  7:36  Zerg Ground Armor Level 1  
  99  7:37  Overlord  
  100  7:40  Overlord  
  100  7:48  Drone x2, Mutalisk  
  100  7:49  Spore Crawler, Mutalisk  
  105  7:51  Baneling x4  
  105  7:56  Overseer  
  105  7:59  Zergling x2  
  105  8:00  Zergling x12  
  105  8:05  Drone  
  113  8:07  Mutalisk x2  
  117  8:16  Mutalisk  
  119  8:22  Hatchery  
  119  8:23  Overlord, Mutalisk  
  120  8:31  Mutalisk  
  120  8:33  Baneling x4  
  122  8:34  Overlord x2  
  122  8:35  Zergling x10  
  123  8:54  Mutalisk x3  
  125  8:58  Drone x2  
  125  8:59  Queen, Drone x8  
  125  9:02  Zergling x2  
  138  9:03  Zergling x4  
  138  9:04  Baneling x4  
  138  9:09  Zerg Flyer Armor Level 1  
  140  9:14  Drone x2  
  140  9:15  Drone x4  
  146  9:26  Mutalisk  
  148  9:39  Overlord, Mutalisk  
  148  9:42  Overlord  
  150  9:46  Overlord x4, Overseer  
  150  9:47  Overlord  
  150  9:50  Overlord  
  150  9:54  Overlord x2  
  150  9:59  Infestation Pit  
  149  10:02  Mutalisk  
  149  10:06  Extractor  
  149  10:07  Extractor  
  149  10:08  Drone x4, Spore Crawler, Spine Crawler  
  149  10:09  Drone x2  
  149  10:11  Mutalisk  
  149  10:13  Zergling x2  
  156  10:14  Zergling x18  
  156  10:16  Baneling x4  
  165  10:27  Zergling x2  
  165  10:28  Zergling x10  
  166  10:36  Zergling x8  
  166  10:37  Zergling x16  
  172  10:58  Zergling x2  
  172  10:59  Zergling x26  
  172  11:00  Baneling  
  172  11:01  Baneling x12  
  172  11:02  Overseer x3  
Show
View Real Time Build Order
Export as new Build Order

Miszu Terran - Winner!

Build Orders: Reaper Expand, MMM Bio 

Get SALT Encoding   

  12  0:00  SCV  
  13  0:13  SCV  
  14  0:17  Supply Depot  
  14  0:25  SCV  
  15  0:38  SCV  
  15  0:40  Barracks  
  16  0:51  Refinery, SCV  
  17  1:03  SCV  
  18  1:15  SCV  
  19  1:28  Orbital Command  
  19  1:34  Reaper  
  19  1:39  Command Center  
  20  1:53  SCV  
  21  1:56  Supply Depot  
  21  2:01  Refinery  
  21  2:05  SCV  
  21  2:07  Barracks Reactor  
  22  2:17  SCV  
  23  2:28  Factory  
  23  2:29  SCV  
  24  2:42  SCV  
  25  2:47  Marine  
  25  2:48  Marine  
  27  2:52  Orbital Command  
  27  2:54  SCV  
  28  3:04  Marine  
  29  3:05  Marine  
  29  3:06  SCV  
  31  3:15  Starport, Factory Reactor  
  31  3:18  SCV  
  31  3:19  SCV  
  33  3:25  Marine x2  
  35  3:30  SCV  
  35  3:31  Supply Depot, SCV  
  37  3:42  SCV  
  37  3:43  SCV  
  37  3:44  Marine x2  
  41  3:54  SCV  
  41  3:55  SCV  
  42  3:59  Supply Depot  
  42  4:00  Widow Mine  
  42  4:01  Medivac x2  
  42  4:02  Marine x2  
  50  4:06  SCV  
  50  4:07  SCV  
  52  4:11  Command Center  
  52  4:18  SCV  
  52  4:19  Refinery, SCV  
  52  4:21  Supply Depot  
  52  4:23  Refinery  
  54  4:25  Liberator x2  
  54  4:27  Marine x2  
  54  4:29  Widow Mine  
  54  4:30  SCV  
  59  4:31  SCV  
  60  4:43  SCV x2  
  60  4:44  Supply Depot  
  68  4:51  Marine x2  
  70  5:06  SCV x2  
  70  5:18  SCV x2  
  70  5:19  Marine, Liberator x2  
  70  5:20  Marine  
  72  5:24  Engineering Bay  
  72  5:25  Engineering Bay, Barracks  
  72  5:28  Barracks  
  71  5:30  SCV  
  71  5:33  SCV  
  72  5:40  Factory Tech Lab  
  72  5:41  Orbital Command  
  72  5:42  SCV  
  75  5:45  SCV  
  76  5:54  SCV  
  77  5:57  SCV  
  77  6:03  Terran Infantry Weapons Level 1, Terran Infantry Armor Level 1, Liberator x2  
  76  6:07  Barracks  
  76  6:08  SCV x2  
  76  6:10  Barracks  
  76  6:11  Barracks x2  
  78  6:17  Barracks Tech Lab  
  78  6:19  Barracks Tech Lab  
  78  6:21  SCV x2  
  86  6:34  Marine x2  
  86  6:35  Orbital Command  
  86  6:39  Stimpack, Combat Shields  
  85  6:42  SCV x2  
  87  6:47  Missile Turret  
  87  6:49  Marine x2, Armory  
  87  6:52  Marine x2  
  91  7:00  Missile Turret  
  91  7:02  Supply Depot  
  91  7:04  SCV x2  
  91  7:07  Missile Turret  
  91  7:08  Barracks Reactor, Refinery  
  93  7:09  Barracks Reactor  
  93  7:10  Barracks Reactor  
  93  7:11  Barracks Reactor  
  93  7:12  Refinery  
  93  7:13  Liberator x2  
  93  7:17  Supply Depot  
  93  7:18  SCV  
  91  7:24  Marine x3  
  91  7:27  Marine  
  95  7:35  Supply Depot  
  101  7:39  Supply Depot x2  
  101  7:42  Marine x2  
  103  7:46  Marine  
  103  7:47  Marine  
  103  7:49  Marine  
  110  8:01  Supply Depot, Marine  
  110  8:04  Supply Depot, Terran Infantry Weapons Level 2  
  111  8:05  Supply Depot  
  111  8:07  Terran Infantry Armor Level 2  
  111  8:12  Marauder  
  109  8:13  Marine x3, Marauder  
  109  8:15  Marine  
  109  8:19  Factory Reactor  
  115  8:20  Medivac x2  
  115  8:24  Marine x3  
  122  8:28  Supply Depot  
  122  8:32  Supply Depot  
  122  8:33  Marine x2  
  124  8:35  Marauder  
  124  8:39  Marine, Marauder  
  124  8:53  Marine x5  
  124  8:54  Marine  
  124  8:55  Marine x2  
  125  8:56  Marauder  
  125  9:01  Marauder  
  125  9:02  Marine x2  
  129  9:03  Widow Mine  
  129  9:04  Widow Mine  
  135  9:10  Marine  
  136  9:17  Command Center  
  136  9:18  Marauder  
  136  9:20  Marine  
  136  9:21  Liberator x2, Concussive Shells  
  136  9:22  Marine, Marauder  
  136  9:23  Marine  
  143  9:31  Marine  
  143  9:33  Supply Depot  
  143  9:34  Supply Depot  
  150  9:47  Widow Mine x2  
  150  9:48  Marine, Marauder x2  
  159  10:02  Marine  
  159  10:03  Marine x8  
  159  10:06  Marine  
  169  10:07  Supply Depot  
  169  10:09  Marauder  
  169  10:10  Marauder  
  173  10:15  Widow Mine  
  173  10:20  Marine  
  173  10:21  Marine x2  
  175  10:31  Marauder  
  175  10:33  Marine  
  175  10:34  Marine x6, Marauder, Widow Mine  
  188  10:38  Marine  
  188  10:39  Marine x2  
  189  10:51  Marine  
  189  10:52  Marauder  
  189  10:55  Marauder  
  194  11:01  Marine  
  194  11:02  Marine x6  
  200  11:14  Marauder  
Tags
 
Add a new tag
Caveats
  • Supply blocks, unpowered buildings, or Contaminate may cause inaccurate times.
  • Supply counts are checked every 10 seconds.